 Seeded DCSS version 0.31-a0-507-gbafd7f5274 (webtiles) character file.

Game seed: 4974466451597650101 (custom seed)

210 AccursedSamuel the Trooper (level 5, -13/46 HPs)
             Began as a Draconian Berserker on Aug 9, 2023.
             Was a Priest of Trog.
             Mangled by an ogre
             ... wielding a +0 giant club
              (25 damage)
             ... on level 4 of the Dungeon.
             The game lasted 00:09:05 (2418 turns).

AccursedSamuel the Trooper (Draconian Berserker)    Turns: 2418, Time: 00:09:05

Health: -13/46     AC:  5    Str: 21    XL:     5   Next: 57%
Magic:  5/5        EV: 13    Int:  8    God:    Trog [***...]
Gold:   123        SH:  0    Dex: 10    Spells: 4/4 levels left

rFire   . . .        j - +2 dagger (venom)
rCold   . . .        (no shield)
rNeg    . . .        (body armour unavailable)
rPois   .            (helmet restricted)
rElec   .            (no cloak)
rCorr   .            (no gloves)
SInv    .            (no boots)
Will    +....        (no amulet)
Stlth   +            k - ring of willpower
HPRegen 0.27/turn    (no ring)
MPRegen 0.09/turn

%: no passive effects
@: no status effects
A: AC +5, unfitting armour, cold-blooded
a: Renounce Religion, Berserk, Trog's Hand


You were on level 4 of the Dungeon.
You worshipped Trog.
Trog was most pleased with you.
You visited 1 branch of the dungeon, and saw 4 of its levels.

You collected 123 gold pieces.

Inventory:

Hand Weapons
 b - a +0 mace
 c - a +0 club
 j - a +2 dagger of venom (weapon)
 r - a +0 great sword
Armour
 a - a +0 leather armour
Jewellery
 k - a ring of willpower (left hand)
Talismans
 q - a maw talisman
Scrolls
 d - a scroll of revelation {unknown}
 h - 2 scrolls of identify {unknown}
 i - a scroll of enchant armour {unknown}
 l - 4 scrolls of teleportation {unknown}
 n - a scroll of immolation {unknown}
 p - 2 scrolls of poison {unknown}
 s - a scroll of acquirement {unknown}
Potions
 e - a potion of invisibility {unknown}
 f - a potion of mutation {unknown}
 g - a potion of might {unknown}
 m - a potion of berserk rage {unknown}
 o - a potion of curing {unknown}
 t - 2 potions of enlightenment {unknown}


   Skills:
 + Level 4.3 Fighting
 + Level 1.3 Short Blades
 + Level 2.1 Maces & Flails
 + Level 4.1 Dodging
 + Level 0.3 Stealth
 + Level 3.3 Unarmed Combat


You had 4 spell levels left.
You didn't know any spells.
Your spell library contained the following spells:

 Spells                   Type           Power      Damage    Failure   Level
 Ignite Poison            Fire/Tmut/Pois 0%         N/A       78%         3
 Sticky Flame             Conj/Fire      0%         2d3       99%         4
 Ignition                 Fire           0%         3d3       100%        8


Dungeon Overview and Level Annotations

Branches:
Dungeon (4/15)
 Temple: D:4-7

Altars:


Innate Abilities, Weirdness & Mutations

Your plain brown scales are hard. (AC +5)
You cannot fit into any form of body armour.
You are cold-blooded and may be slowed by cold attacks.


Message History

The hound closely misses you.
You hit the hound.
The hound looks as sick as possible!
The hound is severely wounded.
The hound misses you. The hound barely misses you.
You barely miss the hound. Your punch misses the hound.
The hound is almost dead.
You kill the hound!
Trog accepts your kill.
Found a stone staircase leading up.
Found a stone staircase leading down.
There is a stone staircase leading up here.
There is a stone staircase leading down here.
You now have 111 gold pieces (gained 10).
You now have 123 gold pieces (gained 12).
t - 2 fuming yellow potions You open the door.
There is an open door here.
An ogre comes into view. It is wielding a +0 giant club.
The ogre shouts!
The ogre closely misses you.
Found 17 gold pieces.
The ogre hits you with a +0 giant club!!
You open the door. The ogre attacks as you move away!
The ogre completely misses you.
There is an open door here.
The ogre attacks as you move away! The ogre hits you with a +0 giant club.
The ogre hits you with a +0 giant club.
You barely miss the ogre. Your punch misses the ogre.
The ogre closely misses you.
You hit the ogre but do no damage.
The ogre is poisoned.
You hit the ogre but do no damage. The ogre closely misses you.
You barely miss the ogre. The ogre hits you with a +0 giant club!
* * * LOW HITPOINT WARNING * * *
You hit the ogre.
The ogre looks as sick as possible!
The ogre is lightly wounded.
You hit the ogre.
The ogre is moderately wounded.
The ogre hits you with a +0 giant club!!
Ouch! That really hurt!
You die...

############
#..........#
#..........#
#..........#
#..........#
#..........#
#.........@#
#...>.....O#
#..........#
##..........#
######...........###
....<..####.###....#
####.### #.#
##.#....# #.## #.#
#'####.# ####..#
#.#♣♣♣.♣ #


You could see an ogre (extremely poisoned).

Vanquished Creatures
  A hound (D:4)
  An iguana (D:4)
  6 adders
  A gnoll (D:1)
  An ufetubus (D:4)
  3 orcs
  7 ball pythons
  3 endoplasms
  4 giant cockroaches
  6 goblins
  10 hobgoblins
  10 jackals
  4 quokkas
  7 bats
  7 frilled lizards
  5 kobolds
  6 rats
82 creatures vanquished.

Vanquished Creatures (others)
  An endoplasm (D:3)
1 creature vanquished.

Grand Total: 83 creatures vanquished

Notes
Turn   | Place    | Note
-------+----------+-------------------------------------------
     0 | D:1      | AccursedSamuel the Draconian Berserker began the quest for
                  | the Orb.
     0 | D:1      | Reached XP level 1. HP: 19/19 MP: 1/1
    97 | D:1      | Reached XP level 2. HP: 5/26 MP: 2/2
   345 | D:1      | Found a faded altar of an unknown god.
   402 | D:1      | Reached XP level 3. HP: 24/33 MP: 3/3
   516 | D:1      | Reached ** piety under Trog
   825 | D:2      | Reached XP level 4. HP: 37/40 MP: 4/4
   883 | D:2      | Reached skill level 1 in Maces & Flails
  1852 | D:3      | Reached *** piety under Trog
  2150 | D:4      | Reached XP level 5. HP: 46/46 MP: 5/5
  2321 | D:4      | Reached skill level 1 in Short Blades
  2398 | D:4      | Noticed an ogre
  2418 | D:4      | Mangled by an ogre

Illustrated notes

Levels and vault maps discovered:
D:1:      matt_arrival_los_fun, layout_rooms, basic_ecumenical_altar
D:2:      layout_rooms, minmay_pentomino_q2
D:3:      layout_basic, minmay_statues_item
D:4:      layout_rooms, nicolae_wu_jian_immortal_techniques,
          chequers_serial_rivers_large_b, kennysheep_generic_room_10

Skill      XL: |  1  2  3  4  5 |
---------------+----------------+-----
Dodging        | 3 4 |  4.1
Fighting       | 4 |  4.3
Maces & Flails | 2 |  2.1
Short Blades   | 1 |  1.3
Stealth        | |  0.3
Unarmed Combat | |  3.3

Action                     |  1- 3 |  4- 6 || total
---------------------------+-------+-------++-------
  Melee: Unarmed           |    17 |       ||    17
         Tailslap          |     8 |    18 ||    26
         Mace              |    85 |    39 ||   124
         Dagger            |       |   105 ||   105
         Punch             |       |     3 ||     3
 Armour: Skin              |    55 |    92 ||   147
  Dodge: Dodged            |   146 |   215 ||   361

Table legend: (Time is in decaauts)
 A = Elapsed time spent in this place.
 B = Non-inter-level travel time spent in this place.
 C = Inter-level travel time spent in this place.
 D = Time resting spent in this place.
 E = Time spent auto-exploring this place.
 F = Levels seen in this place.
 G = Mean time per level.
                   A        B        C        D        E       F      G
               +--------+--------+--------+--------+--------+-----+--------+
         Total |   2463 |   2463 |      0 |      0 |   1430 |   4 |  615.8 |
       Dungeon |   2463 |   2463 |      0 |      0 |   1430 |   4 |  615.8 |
               +--------+--------+--------+--------+--------+-----+--------+

Top non-repeatable levels by time:
     D:3: 866 daAuts
     D:1: 685 daAuts
     D:2: 616 daAuts
     D:4: 295 daAuts
